% Time on Ice - OAKLAND GORILLAS
Lines # - Real PCT - Wanted PCT - Time Play
Normal Forward
1 - 31% - 34% - 17:02
2 - 31% - 34% - 17:24
3 - 30% - 32% - 16:49
4 - 7% - 0% - 4:00
Normal Defense
1 - 35% - 34% - 19:14
2 - 32% - 33% - 17:55
3 - 33% - 33% - 18:06
4 - 0% - 0% - 0:00
PP Forward
1 - 67% - 55% - 1:52
2 - 33% - 45% - 0:54
PP Defense
1 - 69% - 60% - 1:54
2 - 31% - 40% - 0:52
PK Forward
1 - 61% - 55% - 1:13
2 - 39% - 45% - 0:46
PK Defense
1 - 55% - 55% - 1:06
2 - 45% - 45% - 0:53
PK3 Forward
1 - 0% - 55%
2 - 0% - 45%
PK3 Defense
1 - 0% - 55%
2 - 0% - 45%
44 Forward
1 - 0% - 55%
2 - 0% - 45%
44 Defense
1 - 0% - 55%
2 - 0% - 45%
Last Minute Offensive  - 0:00
Last Minute Defensive  - 0:00
Total
Forward - 60:00
Defense - 60:00
% Time on Ice - ANCHORAGE ACES
Lines # - Real PCT - Wanted PCT - Time Play
Normal Forward
1 - 31% - 33% - 17:18
2 - 34% - 33% - 18:58
3 - 30% - 31% - 16:49
4 - 4% - 3% - 2:10
Normal Defense
1 - 36% - 35% - 19:48
2 - 34% - 35% - 19:01
3 - 25% - 23% - 13:58
4 - 4% - 7% - 2:28
PP Forward
1 - 55% - 50% - 1:05
2 - 45% - 50% - 0:54
PP Defense
1 - 57% - 55% - 1:08
2 - 43% - 45% - 0:51
PK Forward
1 - 54% - 55% - 1:29
2 - 46% - 45% - 1:17
PK Defense
1 - 61% - 55% - 1:42
2 - 39% - 45% - 1:04
PK3 Forward
1 - 0% - 55%
2 - 0% - 45%
PK3 Defense
1 - 0% - 55%
2 - 0% - 45%
44 Forward
1 - 0% - 55%
2 - 0% - 45%
44 Defense
1 - 0% - 55%
2 - 0% - 45%
Last Minute Offensive  - 0:00
Last Minute Defensive  - 0:00
Total
Forward - 60:00
Defense - 60:00
Play-by-Play 1st period 0:01 of 1st period - Aleksander Barkov wins face-off versus Alex Killorn in neutral zone. 0:12 of 1st period - Shot by Connor McDavid. 0:12 of 1st period - Stopped by Alexandar Georgiev without a rebound. 0:13 of 1st period - Phillip Danault wins face-off versus Logan Couture in OAKLAND GORILLAS zone. 0:28 of 1st period - Logan Couture is hit by Alexander DeBrincat and loses puck. 1:26 of 1st period - Colton Sissons is hit by Erik Haula and loses puck. 1:33 of 1st period - Shot by Marcus Johansson. 1:33 of 1st period - Stopped by Alexandar Georgiev without a rebound. 1:34 of 1st period - Aleksander Barkov wins face-off versus Connor McDavid in OAKLAND GORILLAS zone. 1:49 of 1st period - Shot by Connor McDavid. 1:49 of 1st period - Stopped by Alexandar Georgiev without a rebound. 1:50 of 1st period - Erik Haula wins face-off versus Patrice Bergeron in OAKLAND GORILLAS zone. 2:08 of 1st period - Shot by Ilya Mikheyev. 2:08 of 1st period - Shot Blocked by Jack Johnson. 2:10 of 1st period - Shot by Shayne Gostisbehere. 2:10 of 1st period - Stopped by Darcy Kuemper without a rebound. 2:11 of 1st period - Aleksander Barkov wins face-off versus Connor McDavid in ANCHORAGE ACES zone. 2:26 of 1st period - Mark Stone is hit by Alex Killorn and loses puck. 2:46 of 1st period - Shot by Connor McDavid. 2:46 of 1st period - Deflect By Nathan MacKinnon. 2:46 of 1st period - Stopped by Alexandar Georgiev without a rebound. 2:47 of 1st period - Erik Haula wins face-off versus Patrice Bergeron in OAKLAND GORILLAS zone. 3:55 of 1st period - Shot by Nathan MacKinnon. 3:55 of 1st period - Shot Misses the Net. 4:27 of 1st period - Shot by Logan Couture. 4:27 of 1st period - Shot Misses the Net. 5:59 of 1st period - Shot by Jack McBain. 5:59 of 1st period - Stopped by Darcy Kuemper without a rebound. 6:00 of 1st period - Erik Haula wins face-off versus David Kampf in ANCHORAGE ACES zone. 6:00 of 1st period - Erik Haula is hit by Jack McBain. 6:06 of 1st period - Jamie Oleksiak is hit by Erik Haula and loses puck. 7:11 of 1st period - Shot by Logan Couture. 7:11 of 1st period - Stopped by Darcy Kuemper without a rebound. 7:12 of 1st period - Phillip Danault wins face-off versus Aleksander Barkov in ANCHORAGE ACES zone. 7:36 of 1st period - Shot by Alexander DeBrincat. 7:36 of 1st period - Shot Misses the Net. 7:43 of 1st period - Icing by Aleksander Barkov. 7:44 of 1st period - Aleksander Barkov wins face-off versus Connor McDavid in OAKLAND GORILLAS zone. 8:20 of 1st period - Icing by Filip Hronek. 8:21 of 1st period - Patrice Bergeron wins face-off versus Connor McDavid in ANCHORAGE ACES zone. 8:41 of 1st period - Shot by Ilya Mikheyev. 8:41 of 1st period - Shot Misses the Net. 8:43 of 1st period - Shot by Patrice Bergeron. 8:43 of 1st period - Shot Misses the Net. 8:45 of 1st period - Shot by Colton Sissons. 8:45 of 1st period - Shot Misses the Net. 9:01 of 1st period - Shot by Ilya Mikheyev. 9:01 of 1st period - Stopped by Darcy Kuemper without a rebound. 9:02 of 1st period - Phillip Danault wins face-off versus Jordan Kyrou in ANCHORAGE ACES zone. 9:15 of 1st period - Shot by Phillip Danault. 9:15 of 1st period - Stopped by Alexandar Georgiev with a rebound. 9:17 of 1st period - Shot by Alexander DeBrincat. 9:17 of 1st period - Shot Misses the Net. 9:19 of 1st period - Shot by Alexander DeBrincat. 9:19 of 1st period - Deflect By Chris Kreider. 9:19 of 1st period - Shot Misses the Net. 9:21 of 1st period - Shot by Jakob Chychrun. 9:21 of 1st period - Shot Misses the Net. 9:23 of 1st period - Shot by Seth Jones. 9:23 of 1st period - Shot Misses the Net. 9:26 of 1st period - Phillip Danault is hit by Shayne Gostisbehere and loses puck. 9:33 of 1st period - Shot by Alexander DeBrincat. 9:33 of 1st period - Stopped by Alexandar Georgiev with a rebound. 9:35 of 1st period - Shot by Chris Kreider. 9:35 of 1st period - Shot Misses the Net. 9:37 of 1st period - Shot by Alexander DeBrincat. 9:37 of 1st period - Stopped by Alexandar Georgiev without a rebound. 9:38 of 1st period - Erik Haula wins face-off versus Aleksander Barkov in OAKLAND GORILLAS zone. 9:44 of 1st period - Marcus Johansson is hit by Hampus Lindholm and loses puck. 10:11 of 1st period - Brock Nelson is hit by Jani Hakanpaa and loses puck. 11:10 of 1st period - Shot by Patrice Bergeron. 11:10 of 1st period - Stopped by Darcy Kuemper without a rebound. 11:11 of 1st period - Logan Couture wins face-off versus Phillip Danault in ANCHORAGE ACES zone. 11:28 of 1st period - Shot by Patrik Laine. 11:28 of 1st period - Shot Misses the Net. 11:51 of 1st period - Off-side. 11:52 of 1st period - Aleksander Barkov wins face-off versus Connor McDavid in neutral zone. 13:04 of 1st period - Shot by Patrice Bergeron. 13:04 of 1st period - Goal by Patrice Bergeron - OAKLAND GORILLAS : 1 - ANCHORAGE ACES : 0. 13:05 of 1st period - Phillip Danault wins face-off versus Logan Couture in neutral zone. 13:25 of 1st period - Shot by Patrik Laine. 13:25 of 1st period - Stopped by Darcy Kuemper without a rebound. 13:26 of 1st period - Patrice Bergeron wins face-off versus Erik Haula in ANCHORAGE ACES zone. 13:48 of 1st period - Erik Haula is hit by Jamie Oleksiak and loses puck. 14:03 of 1st period - Shot by Marcus Johansson. 14:03 of 1st period - Deflect By Yegor Sharangovich. 14:03 of 1st period - Stopped by Alexandar Georgiev without a rebound. 14:04 of 1st period - Logan Couture wins face-off versus Phillip Danault in OAKLAND GORILLAS zone. 14:48 of 1st period - Phillip Danault is hit by Shayne Gostisbehere and loses puck. 15:14 of 1st period - Patrice Bergeron is hit by Filip Hronek and loses puck. 15:18 of 1st period - Icing by Filip Hronek. 15:19 of 1st period - Phillip Danault wins face-off versus Aleksander Barkov in ANCHORAGE ACES zone. 15:21 of 1st period - Minor Penalty to Ryan Pulock for Tripping. 15:22 of 1st period - Aleksander Barkov wins face-off versus Erik Haula in ANCHORAGE ACES zone. 15:22 of 1st period - Mark Stone is hit by Jani Hakanpaa and loses puck. 15:29 of 1st period - Shot by Brock Nelson. 15:29 of 1st period - Stopped by Darcy Kuemper with a rebound. 15:31 of 1st period - Shot by Mark Stone. 15:31 of 1st period - Stopped by Darcy Kuemper without a rebound. 15:32 of 1st period - Phillip Danault wins face-off versus Aleksander Barkov in ANCHORAGE ACES zone. 15:45 of 1st period - Shot by Alex Pietrangelo. 15:45 of 1st period - Stopped by Darcy Kuemper without a rebound. 15:46 of 1st period - Logan Couture wins face-off versus Phillip Danault in ANCHORAGE ACES zone. 15:47 of 1st period - Shot by Alex Pietrangelo. 15:47 of 1st period - Stopped by Darcy Kuemper without a rebound. 15:48 of 1st period - Phillip Danault wins face-off versus Brock Nelson in ANCHORAGE ACES zone. 16:08 of 1st period - Shot by Aleksander Barkov. 16:08 of 1st period - Goal by Aleksander Barkov - OAKLAND GORILLAS : 2 - ANCHORAGE ACES : 0. 16:09 of 1st period - Connor McDavid wins face-off versus Patrice Bergeron in neutral zone. 16:32 of 1st period - Shot by Colton Sissons. 16:32 of 1st period - Shot Misses the Net. 16:41 of 1st period - Off-side. 16:42 of 1st period - Erik Haula wins face-off versus Brock Nelson in neutral zone. 17:06 of 1st period - Hampus Lindholm is hit by Erik Haula and loses puck. 17:14 of 1st period - Icing by Hampus Lindholm. 17:15 of 1st period - Aleksander Barkov wins face-off versus Alex Killorn in OAKLAND GORILLAS zone. 17:15 of 1st period - Aleksander Barkov is hit by Nathan MacKinnon. 17:21 of 1st period - Shot by Nathan MacKinnon. 17:21 of 1st period - Shot Misses the Net. 17:31 of 1st period - Shot by Connor McDavid. 17:31 of 1st period - Stopped by Alexandar Georgiev without a rebound. 17:32 of 1st period - Phillip Danault wins face-off versus Logan Couture in OAKLAND GORILLAS zone. 17:37 of 1st period - Shot by Alexander DeBrincat. 17:37 of 1st period - Shot Blocked by Cameron York. 17:39 of 1st period - Shot by Phillip Danault. 17:39 of 1st period - Stopped by Alexandar Georgiev with a rebound. 17:41 of 1st period - Shot by Seth Jones. 17:41 of 1st period - Deflect By Chris Kreider. 17:41 of 1st period - Shot Misses the Net. 17:43 of 1st period - Shot by Chris Kreider. 17:43 of 1st period - Deflect By Alexander DeBrincat. 17:43 of 1st period - Stopped by Alexandar Georgiev without a rebound. 17:44 of 1st period - Patrice Bergeron wins face-off versus Connor McDavid in OAKLAND GORILLAS zone. 18:04 of 1st period - Shot by Colton Sissons. 18:04 of 1st period - Shot Blocked by Ryan Pulock. 18:06 of 1st period - Shot by Colton Sissons. 18:06 of 1st period - Shot Misses the Net. 18:41 of 1st period - Icing by Cameron York. 18:42 of 1st period - Erik Haula wins face-off versus Logan Couture in OAKLAND GORILLAS zone. 19:20 of 1st period - Icing by Jakob Chychrun. 19:21 of 1st period - Aleksander Barkov wins face-off versus Erik Haula in ANCHORAGE ACES zone. 19:50 of 1st period - Shot by Alexander DeBrincat. 19:50 of 1st period - Shot Misses the Net. Goals for this period are 2 for OAKLAND GORILLAS vs 0 for ANCHORAGE ACES. Shots for this period are 12 for OAKLAND GORILLAS vs 11 for ANCHORAGE ACES. 2nd period 0:01 of 2nd period - Logan Couture wins face-off versus Alexander DeBrincat in neutral zone. 0:12 of 2nd period - Jordan Kyrou is hit by Chris Kreider and loses puck. 0:17 of 2nd period - Shot by Phillip Danault. 0:17 of 2nd period - Stopped by Alexandar Georgiev without a rebound. 0:18 of 2nd period - Connor McDavid wins face-off versus Patrice Bergeron in OAKLAND GORILLAS zone. 1:10 of 2nd period - Icing by Nathan MacKinnon. 1:11 of 2nd period - Logan Couture wins face-off versus Connor McDavid in ANCHORAGE ACES zone. 1:14 of 2nd period - Shot by Logan Couture. 1:14 of 2nd period - Shot Misses the Net. 1:20 of 2nd period - Logan Couture is hit by Alex Killorn. 1:45 of 2nd period - Hampus Lindholm is hit by Seth Jones and loses puck. 1:56 of 2nd period - Shot by Logan Couture. 1:56 of 2nd period - Shot Misses the Net. 1:58 of 2nd period - Shot by Hampus Lindholm. 1:58 of 2nd period - Stopped by Darcy Kuemper without a rebound. 1:59 of 2nd period - Aleksander Barkov wins face-off versus Erik Haula in ANCH